 Dungeon Crawl Stone Soup version 0.29.0-4-gdea44cf6ec (webtiles) character file.

Game seed: 16937879458247353318

34 Hubris850 the Cudgeller (level 3, -1/33 HPs)
             Began as a Meteoran Cinder Acolyte on Aug 26, 2022.
             Was a High Priest of Ignis.
             Slain by a gnoll
             ... wielding a +0 whip
              (4 damage)
             ... on level 2 of the Dungeon.
             The game lasted 00:02:56 (314 turns).

Hubris850 the Cudgeller (Meteoran Cinder Acolyte)    Turns: 314, Time: 00:02:56

Health: -1/33      AC:  4    Str: 18    XL:     3   Next: 73%
Magic:  6/6        EV: 11    Int: 15    God:    Ignis [*****.]
Gold:   35         SH:  0    Dex:  9    Spells: 3/5 levels left

rFire   + . .      SeeInvis .   a - -1 mace (flame)
rCold   . . .      Faith    .   (no shield)
rNeg    . . .      Spirit   .   g - +0 leather armour
rPois   .          Reflect  .   (no helmet)
rElec   .          Harm     .   (no cloak)
rCorr   .          Rampage  .   f - +0 pair of gloves {hurl}
Will    .....                   (no boots)
Stlth   +.........              (no amulet)
HPRegen 0.11/turn               (no ring)
MPRegen 0.10/turn               (no ring)

@: glowing
A: sense surroundings 1, otherworldly, glowing, explore regen
a: Renounce Religion, Fiery Armour, Foxfire Swarm, Rising Flame


You were on level 2 of the Dungeon.
You worshipped Ignis.
Ignis was extremely pleased with you.
You visited 1 branch of the dungeon, and saw 2 of its levels.

You collected 35 gold pieces.

Inventory:

Hand Weapons
 a - a -1 mace of flaming (weapon)
Armour
 b - a +0 robe
 f - a +0 pair of gloves of hurling (worn)
 g - a +0 leather armour (worn)
Scrolls
 c - a scroll of amnesia {unknown}
 d - a scroll of teleportation {unknown}
 e - a scroll of enchant armour {unknown}


   Skills:
 + Level 3.7 Fighting
 + Level 4.3 Maces & Flails
 + Level 1.0 Armour
 + Level 1.1 Dodging
 - Level 1.7 Spellcasting
 - Level 3.9 Fire Magic


You had 3 spell levels left.
You knew the following spells:

 Your Spells              Type           Power      Damage    Failure   Level
a - Scorch                Fire           26%        2d6       9%          2

Your spell library contained the following spells:

 Spells                   Type           Power      Damage    Failure   Level


Dungeon Overview and Level Annotations

Branches:
Dungeon (2/15) Zot: 871

Altars:


Innate Abilities, Weirdness & Mutations

You passively map a small area around you.
You are easily found by Zot.
You glow in the dark.
You regain HP and MP as you explore.


Message History

You finish putting on your +0 pair of gloves of hurling.
You feel that your aim is more steady.
You see here a +0 leather armour.
You see here a +0 leather armour.
g - a +0 leather armour You start removing your armour.
You continue taking off your +0 robe. x4
You finish taking off your +0 robe.
You start putting on your armour.
You continue putting on your +0 leather armour. x5
You finish putting on your +0 leather armour. 2 gnolls come into view.
The gnoll shouts! x2
A gnoll comes into view. It is wielding a +0 whip.
The gnoll moves out of view.
An endoplasm comes into view.
The endoplasm quivers.
A gnoll comes into view. It is wielding a +0 flail.
The gnoll shouts!
You hit the gnoll but do no damage. The gnoll hits you with a +0 whip.
You hit the gnoll. You burn the gnoll.
The gnoll is moderately wounded.
The gnoll hits you with a +0 whip.
You barely miss the gnoll.
The gnoll is moderately wounded.
The gnoll hits you with a +0 whip. The gnoll hits you with a +0 whip!
You sock the gnoll! You burn the gnoll.
You kill the gnoll!
Your Armour skill increases to level 1!
Your Dodging skill increases to level 1!
You hit the endoplasm but do no damage. The endoplasm hits you.
You sock the endoplasm! You burn the endoplasm.
You kill the endoplasm!
You closely miss the gnoll. The gnoll misses you.
You hit the gnoll but do no damage. The gnoll hits you with a +0 whip.
You closely miss the gnoll. The gnoll closely misses you.
The gnoll hits you but does no damage.
You barely miss the gnoll. The gnoll hits you with a +0 whip!
* * * LOW HITPOINT WARNING * * *
You closely miss the gnoll. The gnoll hits you with a +0 whip.
You die...

.. .. * , # .#.#*
,* #....# , ,
#.#..# *** +#
#....# #.# #g# #.#
#g# #######.####
#g# #...........
#@# ##.........#
#.####.........#
#..............###
######..........†.
#.........###
#.........# *
#########....
#####


You could see 3 gnolls.

Vanquished Creatures
  A gnoll (D:2)
  2 ball pythons (D:1)
  2 endoplasms
  3 goblins (D:1)
  3 bats (D:1)
  12 frilled lizards (D:1)
  2 kobolds (D:1)
  A rat (D:2)
26 creatures vanquished.

Vanquished Creatures (others)
  6 plants (D:1)
6 creatures vanquished.

Grand Total: 32 creatures vanquished

Notes
Turn   | Place    | Note
-------+----------+-------------------------------------------
     0 | D:1      | Hubris850 the Meteoran Cinder Acolyte began the quest for
                  | the Orb.
     0 | D:1      | Reached XP level 1. HP: 19/19 MP: 3/3
    58 | D:1      | Reached XP level 2. HP: 26/26 MP: 5/5
    92 | D:1      | Learned a level 2 spell: Scorch
   164 | D:1      | Reached XP level 3. HP: 21/31 MP: 6/6
   308 | D:2      | Reached skill level 1 in Armour
   308 | D:2      | Reached skill level 1 in Dodging
   314 | D:2      | Slain by a gnoll

Illustrated notes

Levels and vault maps discovered:
D:1:      heliophobic_arrival_ceremonial_halls, layout_rooms,
          hangedman_feature_mirror, nrook_loot_triangle, minmay_lizard_king
D:2:      layout_loops_corners, minmay_misc_feat_diagonals, uniq_sigmund

Skill      XL: |  1  2  3 |
---------------+----------+-----
Armour         | 1 |  1.0
Dodging        | 1 |  1.1
Fighting       | |  3.7
Maces & Flails | |  4.3
Spellcasting   | |  1.7
Fire Magic     | |  3.9

Action                   || total
-------------------------++-------
Melee: Mace              ||    72
       Punch             ||     1
Armor: Robe              ||    18
       Leather armour    ||     1
Dodge: Dodged            ||    28
